 Dungeon Crawl Stone Soup version 0.28-a0-604-g249bb1af34 (webtiles) character file.

Game seed: 5834544638029118551

6582 Gargoyl the Fighter (level 11, -3/87 HPs)
             Began as a Gnoll Abyssal Knight on Oct 5, 2021.
             Was a Priest of Lugonu.
             Succumbed to a killer bee's poison
             ... on level 8 of the Dungeon.
             The game lasted 00:16:22 (14249 turns).

Gargoyl the Fighter (Gnoll Abyssal Knight)         Turns: 14249, Time: 00:16:22

Health: -3/87      AC: 19    Str: 21    XL:     11   Next: 1%
Magic:  15/19      EV:  9    Int: 10    God:    Lugonu [***...]
Gold:   444        SH:  6    Dex: 18    Spells: 21/21 levels left

rFire   . . .      SeeInvis .   a - +2 hand axe
rCold   . . .      Faith    .   j - +0 buckler
rNeg    . . .      Spirit   .   p - +0 plate armour
rPois   .          Reflect  .   e - +1 helmet
rElec   .          Harm     .   (no cloak)
rCorr   +          Rampage  +   (no gloves)
Will    +....                   m - +2 pair of boots {rampage}
Stlth   ..........              (no amulet)
HPRegen 0.24/turn               l - ring of willpower
MPRegen 0.16/turn               o - ring "Ruorynoqo" {*Slow rCorr Str+6 Dex+5}

@: lethally poisoned (-3 -> -18)
A: fangs 1, strong nose, distributed training
a: Renounce Religion, Depart the Abyss, Bend Space, Banish


You were on level 8 of the Dungeon.
You worshipped Lugonu.
Lugonu was most pleased with you.
You visited 1 branch of the dungeon, and saw 8 of its levels.
You visited the Abyss 1 time.

You collected 444 gold pieces.

Inventory:

Hand Weapons
 a - a +2 hand axe (weapon)
Missiles
 s - 12 poisoned darts (quivered)
 t - a throwing net
Armour
 e - a +1 helmet (worn)
 j - a +0 buckler (worn)
 m - a +2 pair of boots of rampaging (worn)
 p - a +0 plate armour (worn)
Jewellery
 l - a ring of willpower (left hand)
 o - the ring "Ruorynoqo" (right hand) {*Slow rCorr Str+6 Dex+5}
   (You acquired it on level 5 of the Dungeon)

   [ring of strength]

   Str:       It affects your strength (+6).
   Dex:       It affects your dexterity (+5).
   rCorr:     It protects you from acid and corrosion.
   *Slow:     It may slow you when you take damage.
Wands
 i - a wand of acid (9)
 k - a wand of mindburst (2)
 n - a wand of iceblast (6)
 u - a wand of paralysis (10)
Scrolls
 c - 6 scrolls of identify
 d - a scroll of fog
 f - 2 scrolls of magic mapping
 g - a scroll of blinking
Potions
 b - 3 potions of cancellation
 h - a potion of brilliance
Miscellaneous
 r - a piece from Xom's chessboard (14/15)


   Skills:
 + Level 8.9 Fighting
 + Level 5.8 Short Blades
 + Level 5.8 Long Blades
 + Level 7.5 Axes
 + Level 5.8 Maces & Flails
 + Level 5.8 Polearms
 + Level 5.8 Staves
 + Level 5.8 Slings
 + Level 5.8 Bows
 + Level 5.8 Crossbows
 + Level 5.8 Throwing
 + Level 7.5 Armour
 + Level 6.4 Dodging
 + Level 5.8 Stealth
 + Level 5.8 Shields
 + Level 5.8 Unarmed Combat
 + Level 5.8 Spellcasting
 + Level 4.8 Conjurations
 + Level 4.8 Hexes
 + Level 4.8 Summonings
 + Level 4.8 Necromancy
 + Level 4.8 Translocations
 + Level 4.8 Transmutations
 + Level 4.8 Fire Magic
 + Level 4.8 Ice Magic
 + Level 4.8 Air Magic
 + Level 4.8 Earth Magic
 + Level 4.8 Poison Magic
 + Level 8.0 Invocations
 + Level 5.8 Evocations


You had 21 spell levels left.
You didn't know any spells.
Your spell library contained the following spells:

 Spells                   Type           Power      Damage    Failure   Level
 Animate Skeleton         Necr           24%        N/A       47%         1
 Apportation              Tloc           24%        N/A       47%         1
 Beastly Appendage        Tmut           24%        N/A       47%         1
 Pain                     Necr           48%        1d6       47%         1
 Summon Small Mammal      Summ           48%        N/A       47%         1
 Sublimation of Blood     Necr           6%         N/A       63%         2
 Wereblood                Tmut           12%        N/A       63%         2
 Conjure Flame            Conj/Fire      12%        6-21      85%         3
 Ignite Poison            Fire/Tmut/Pois 12%        N/A       85%         3
 Spider Form              Tmut/Pois      6%         N/A       85%         3
 Vampiric Draining        Necr           6%         2d6       85%         3
 Petrify                  Tmut/Erth      12%        N/A       99%         4
 Sticky Flame             Conj/Fire      12%        2d4       99%         4
 Irradiate                Conj/Tmut      6%         3d15      100%        5


Dungeon Overview and Level Annotations

Branches:
Dungeon (8/15)             Temple (0/1) D:4
   Lair: D:8-11

Altars:
Cheibriados
Fedhas
Gozag
Hepliaklqana
Nemelex Xobeh
Okawaru
Qazlal
Uskayaw
Vehumet
Xom
The Shining One

Shops:
D:3 =

Annotations:
D:4 1 runed translucent door


Innate Abilities, Weirdness & Mutations

You have very sharp teeth.
Your uncanny sense of smell can sniff out nearby items.
Your experience applies equally to all skills.


Message History

You feel sick. You block the killer bee's attack. The killer bee stings you.
You hit the killer bee.
You kill the killer bee!
Lugonu accepts your kill.
You feel sick.
The killer bee stings you but does no damage.
You closely miss the killer bee.
You feel sick. The killer bee barely misses you.
You miss the killer bee. Your bite misses the killer bee.
You feel sick.
The killer bee stings you but does no damage.
The killer bee stings you.
* * * LOW HITPOINT WARNING * * *
You are more poisoned.
The killer bee poisons you!
You closely miss the killer bee.
You feel very sick. The killer bee stings you.
* * * LOW HITPOINT WARNING * * *
You are lethally poisoned!
The killer bee poisons you! The killer bee stings you.
* * * LOW HITPOINT WARNING * * *
You are more poisoned.
The killer bee poisons you!
You closely miss the killer bee.
* * * LOW HITPOINT WARNING * * *
You feel very sick.
The killer bee stings you but does no damage.
The killer bee closely misses you.
Press: ? - help, Shift-Dir - straight line, f - killer bee
Aim: a killer bee (chance to affect: 90%)
The killer bee is devoured by a tear in reality.
Lugonu claims a new guest.
* * * LOW HITPOINT WARNING * * *
You feel very sick.
Your Invocations skill increases to level 8!
Okay, then.
Drinking this now will have no effect.
* * * LOW HITPOINT WARNING * * *
You feel very sick.
You die...

... #.# # #####.####.#
#<.......... ###.
##......## ...
#§§....# ∆
##+#.#+####§.....#
#..........####.##
#.......@..####..#####
#..........##........#
#..........##........#
#..........##........#
#####......#####..####
#......# ##.# #......#
...# #......# y.#.#
#......# ... +#


There were no monsters in sight!

Vanquished Creatures
  A centaur warrior (D:7)
  Pikel (D:6)
  The ghost of Heedrag the Conjurer, a novice DECj (D:4)
  Sigmund (D:2)
  A yak (D:6)
  A water moccasin (D:7)
  A black bear (D:5)
  An ice beast (D:3)
  2 orc warriors
  A sky beast (D:6)
  A hornet zombie (D:8)
  2 centaurs (D:7)
  3 ogres (D:7)
  A lemure (D:5)
  2 phantoms
  3 kobold brigands
  2 bullfrogs
  2 scorpions (D:5)
  2 water moccasin zombies
  A wyvern skeleton (D:7)
  6 killer bees
  A howler monkey (D:7)
  A crimson imp (D:7)
  5 gnoll shamans
  A bullfrog skeleton (D:7)
  2 centaur zombies
  5 hounds
  2 orc priests
  A quasit (Abyss:1)
  2 centaur skeletons
  2 jellies (D:6)
  2 iguanas (D:5)
  3 orc wizards
  Robin (D:2)
  A howler monkey zombie (D:7)
  A mummy (D:5)
  A howler monkey skeleton (D:7)
  27 gnolls
  A river rat (D:4)
  8 adders
  2 shadow imps (D:7)
  2 white imps
  An ufetubus (D:4)
  An adder skeleton (D:4)
  2 worms
  5 dart slugs
  9 orcs
  3 ball pythons
  9 endoplasms
  5 giant cockroaches
  16 goblins
  12 hobgoblins
  5 jackals
  A quokka (D:2)
  6 bats
  4 frilled lizards
  2 hobgoblin zombies (D:5)
  8 kobolds
  2 kobold zombies (D:5)
  9 rats
207 creatures vanquished.

Vanquished Creatures (others)
  6 fungi (D:7)
  18 plants (D:7)
24 creatures vanquished.

Grand Total: 231 creatures vanquished

Notes
Turn   | Place    | Note
-------+----------+-------------------------------------------
     0 | Abyss:1  | Gargoyl the Gnoll Abyssal Knight began the quest for the
                  | Orb.
     0 | Abyss:1  | Reached XP level 1. HP: 23/23 MP: 3/3
   111 | Abyss:1  | Noticed a quasit
   114 | Abyss:1  | Noticed a guardian serpent
   125 | Abyss:1  | Killed a quasit
   126 | Abyss:1  | Reached XP level 2. HP: 17/29 MP: 5/5
   126 | Abyss:1  | Reached XP level 3. HP: 20/35 MP: 6/6
   126 | D:1      | Escaped the Abyss
   474 | D:1      | Reached * piety under Lugonu
   695 | D:1      | Found a faded altar of an unknown god.
   803 | D:1      | Reached skill level 1 in Short Blades
   803 | D:1      | Reached skill level 1 in Long Blades
   803 | D:1      | Reached skill level 1 in Maces & Flails
   803 | D:1      | Reached skill level 1 in Polearms
   803 | D:1      | Reached skill level 1 in Staves
   803 | D:1      | Reached skill level 1 in Slings
   803 | D:1      | Reached skill level 1 in Bows
   803 | D:1      | Reached skill level 1 in Crossbows
   803 | D:1      | Reached skill level 1 in Throwing
   803 | D:1      | Reached skill level 1 in Stealth
   803 | D:1      | Reached skill level 1 in Shields
   803 | D:1      | Reached skill level 1 in Unarmed Combat
   803 | D:1      | Reached skill level 1 in Spellcasting
   803 | D:1      | Reached skill level 1 in Evocations
   805 | D:1      | Reached XP level 4. HP: 7/41 MP: 7/7
  1767 | D:2      | Found a shimmering altar of Xom.
  1788 | D:2      | Noticed Sigmund
  1796 | D:2      | Killed Sigmund
  1797 | D:2      | Reached skill level 1 in Conjurations
  1797 | D:2      | Reached skill level 1 in Hexes
  1797 | D:2      | Reached skill level 1 in Summonings
  1797 | D:2      | Reached skill level 1 in Necromancy
  1797 | D:2      | Reached skill level 1 in Translocations
  1797 | D:2      | Reached skill level 1 in Transmutations
  1797 | D:2      | Reached skill level 1 in Fire Magic
  1797 | D:2      | Reached skill level 1 in Ice Magic
  1797 | D:2      | Reached skill level 1 in Air Magic
  1797 | D:2      | Reached skill level 1 in Earth Magic
  1797 | D:2      | Reached skill level 1 in Poison Magic
  1797 | D:2      | Reached skill level 5 in Invocations
  1797 | D:2      | Reached XP level 5. HP: 47/47 MP: 8/8
  1797 | D:2      | Reached XP level 6. HP: 53/53 MP: 9/9
  1874 | D:2      | HP: 1/53 [endoplasm (2)]
  2211 | D:2      | Reached ** piety under Lugonu
  2242 | D:2      | Noticed Robin
  2572 | D:2      | Killed Robin
  2866 | D:3      | Reached skill level 5 in Axes
  2866 | D:3      | Reached skill level 5 in Armour
  3310 | D:3      | Noticed an ice beast
  3338 | D:3      | Killed an ice beast
  3781 | D:4      | Reached XP level 7. HP: 33/59 MP: 10/10
  4222 | D:3      | Found Jaxuxosm's Jewellery Shop.
  5146 | D:4      | Found a blossoming altar of Fedhas.
  5331 | D:4      | Found a runed translucent door.
  5332 | D:4      | Noticed Heedrag's ghost (novice DECj)
  5484 | D:4      | Killed Heedrag's ghost
  5485 | D:4      | Reached XP level 8. HP: 53/67 MP: 12/12
  5506 | D:4      | Found a runed translucent door.
  5584 | D:4      | Reached *** piety under Lugonu
  5664 | D:4      | Found a staircase to the Ecumenical Temple.
  5762 | D:5      | Entered Level 5 of the Dungeon
  5818 | D:5      | Identified a scroll of acquirement
  5818 | D:5      | Acquired the ring "Ruorynoqo" {*Slow rCorr Str+6 Dex+5}
  5996 | D:5      | Found a sparkling altar of Nemelex Xobeh.
  6189 | D:5      | Found an opulent altar of Gozag.
  6810 | D:6      | Found a hide-covered altar of Uskayaw.
  6830 | D:6      | Found a shimmering altar of Xom.
  6831 | D:6      | Noticed a yak
  6852 | D:6      | Reached XP level 9. HP: 20/72 MP: 14/14
  7106 | D:6      | Found a glowing golden altar of the Shining One.
  7144 | D:6      | Found a radiant altar of Vehumet.
  7217 | D:6      | Found an iron altar of Okawaru.
  7217 | D:6      | Noticed a two-headed ogre
  7245 | D:6      | Banished a two-headed ogre
  7246 | D:6      | Reached skill level 5 in Dodging
  7554 | D:6      | Found a hazy altar of Hepliaklqana.
  8056 | D:6      | HP: 3/74 [poisoned by a killer bee]
  8058 | D:6      | HP: 1/74 [poisoned by a killer bee]
  8934 | D:7      | Noticed Pikel
  9414 | D:5      | Reached XP level 10. HP: 76/80 MP: 17/17
  9445 | D:6      | Killed Pikel
  9446 | D:6      | Reached skill level 5 in Short Blades
  9446 | D:6      | Reached skill level 5 in Long Blades
  9446 | D:6      | Reached skill level 5 in Maces & Flails
  9446 | D:6      | Reached skill level 5 in Polearms
  9446 | D:6      | Reached skill level 5 in Staves
  9446 | D:6      | Reached skill level 5 in Slings
  9446 | D:6      | Reached skill level 5 in Bows
  9446 | D:6      | Reached skill level 5 in Crossbows
  9446 | D:6      | Reached skill level 5 in Throwing
  9446 | D:6      | Reached skill level 5 in Stealth
  9446 | D:6      | Reached skill level 5 in Shields
  9446 | D:6      | Reached skill level 5 in Unarmed Combat
  9446 | D:6      | Reached skill level 5 in Spellcasting
  9446 | D:6      | Reached skill level 5 in Evocations
  9719 | D:7      | Found a transporter.
  9725 | D:7      | Found a transporter.
  9728 | D:7      | Noticed a centaur warrior
  9728 | D:7      | Noticed a manticore
  9910 | D:7      | Reached **** piety under Lugonu
 11223 | D:7      | Found a stormy altar of Qazlal.
 13551 | D:7      | Banished a manticore
 13854 | D:7      | Killed a centaur warrior
 14150 | D:8      | Found a snail-covered altar of Cheibriados.
 14228 | D:8      | Reached XP level 11. HP: 58/87 MP: 19/19
 14247 | D:8      | HP: 4/87 [poisoned by a killer bee]
 14248 | D:8      | HP: 1/87 [poisoned by a killer bee]
 14249 | D:8      | Succumbed to a killer bee's poison

Illustrated notes

Levels and vault maps discovered:
D:1:      minmay_arrival_four_loops, layout_basic,
          shapermc_ecumenical_altar_mp_vishouse, serial_curves, eino_curves_02,
          eino_curves_03, wad_floor_pattern_2
D:2:      layout_basic, basic_altar, minmay_tetromino_l4, uniq_robin,
          uniq_sigmund
D:3:      layout_basic, serial_shops, nicolae_shop_stone
D:4:      layout_cave_pools, kennysheep_mini, minmay_temple_entry_poolview,
          ebering_ghost_sewer_f, chequers_decorated_corner
D:5:      layout_rooms, overflow_temple_1_default, grunt_gozag_statues,
          minmay_tree_intersection, minmay_mini_ossuary
D:6:      layout_rooms, eat_drink_and_be_merry_uskayaw,
          mainiacjoe_overflow_alcove_1, mainiacjoe_overflow_large_starburst,
          st_stairs_9, ldierk_geyser, grunt_decor_clamped,
          hangedman_feature_mirror
D:7:      kennysheep_seaside_town, layout_cave_pools,
          gammafunk_temple_overflow_arena, kennysheep_donut,
          minmay_fire_ice_demons, uniq_pikel
D:8:      layout_basic, overflow_temple_1_default,
          gammafunk_ghost_berserking_beasts, due_unseen_surprise, uniq_harold,
          uniq_maggie

Skill      XL: |  1  2  3  4  5  6  7  8  9 10 11 |
---------------+----------------------------------+-----
Short Blades   | 1 2 3 4 5 |  5.8
Long Blades    | 1 2 3 4 5 |  5.8
Maces & Flails | 1 2 3 4 5 |  5.8
Polearms       | 1 2 3 4 5 |  5.8
Staves         | 1 2 3 4 5 |  5.8
Slings         | 1 2 3 4 5 |  5.8
Bows           | 1 2 3 4 5 |  5.8
Crossbows      | 1 2 3 4 5 |  5.8
Throwing       | 1 2 3 4 5 |  5.8
Stealth        | 1 2 3 4 5 |  5.8
Shields        | 1 2 3 4 5 |  5.8
Unarmed Combat | 1 2 3 4 5 |  5.8
Spellcasting   | 1 2 3 4 5 |  5.8
Evocations     | 1 2 3 4 5 |  5.8
Dodging        | 3 4 5 6 |  6.4
Conjurations   | 1 2 3 4 |  4.8
Hexes          | 1 2 3 4 |  4.8
Summonings     | 1 2 3 4 |  4.8
Necromancy     | 1 2 3 4 |  4.8
Translocations | 1 2 3 4 |  4.8
Transmutations | 1 2 3 4 |  4.8
Fire Magic     | 1 2 3 4 |  4.8
Ice Magic      | 1 2 3 4 |  4.8
Air Magic      | 1 2 3 4 |  4.8
Earth Magic    | 1 2 3 4 |  4.8
Poison Magic   | 1 2 3 4 |  4.8
Invocations    | 5 6 7 8 |  8.0
Axes           | 5 6 7 |  7.5
Armour         | 5 6 7 |  7.5
Fighting       | 7 8 |  8.9

Action                   |  1- 3 |  4- 6 |  7- 9 | 10-12 || total
-------------------------+-------+-------+-------+-------++-------
Melee: Hand axe          |    43 |   140 |   482 |   338 ||  1003
       Bite              |     2 |    20 |    76 |    62 ||   160
       Scythe            |       |    57 |       |       ||    57
Throw: Throwing net      |       |       |     4 |     1 ||     5
       Dart              |       |       |       |    12 ||    12
Invok: Depart the Abyss  |     1 |       |       |       ||     1
       Banish            |       |       |     3 |     5 ||     8
       Bend Space        |       |       |     1 |       ||     1
Evoke: Wand              |       |       |     3 |       ||     3
       Piece from Xom's  |       |       |       |     3 ||     3
  Use: Potion            |     1 |     6 |     4 |     1 ||    12
       Scroll            |       |     5 |     7 |     5 ||    17
 Stab: Sleeping          |     1 |       |       |       ||     1
Armor: Leather armour    |    10 |       |       |       ||    10
       Ring mail         |     7 |   105 |    21 |       ||   133
       Chain mail        |       |       |   293 |    80 ||   373
       Plate armour      |       |       |       |   120 ||   120
Dodge: Dodged            |    32 |   123 |   247 |   191 ||   593
Block: Buckler           |       |    12 |   155 |   126 ||   293

Table legend: (Time is in decaauts)
 A = Elapsed time spent in this place.
 B = Non-inter-level travel time spent in this place.
 C = Inter-level travel time spent in this place.
 D = Time resting spent in this place.
 E = Time spent auto-exploring this place.
 F = Levels seen in this place.
 G = Mean time per level.
                   A        B        C        D        E       F      G
               +--------+--------+--------+--------+--------+-----+--------+
         Total |  14331 |  14012 |    319 |   4713 |   6512 |   9 | 1592.3 |
       Dungeon |  14206 |  13887 |    319 |   4713 |   6401 |   8 | 1775.8 |
         Abyss |    124 |    124 |      0 |      0 |    111 |   1 |  124.0 |
               +--------+--------+--------+--------+--------+-----+--------+

Top non-repeatable levels by time:
     D:7: 4294 daAuts
     D:6: 2799 daAuts
     D:1: 1647 daAuts
     D:2: 1496 daAuts
     D:3: 1435 daAuts
     D:5: 1304 daAuts
     D:4: 1133 daAuts
 Abyss:1: 124 daAuts
     D:8: 95 daAuts
